 Dungeon Crawl Stone Soup version 0.24.0-28-g17ded55e90 (webtiles) character file.

Game seed: 90520149879429700, levelgen mode: deterministic

486052 Flugslaktarn the Impregnable (level 23, -9/260 HPs)
             Began as a Deep Dwarf Fighter on Nov 12, 2019.
             Was the Champion of Makhleb.
             Mangled by an Orb Guardian (11 damage)
             ... on level 5 of the Realm of Zot.
             The game lasted 00:32:21 (26216 turns).

Flugslaktarn the Impregnable (Deep Dwarf Fighter)  Turns: 26216, Time: 00:32:21

Health: -9/260     AC: 49    Str: 31    XL:     23   Next: 50%
Magic:  13/13      EV: 22    Int: 15    God:    Makhleb [******]
Gold:   2973       SH:  0    Dex: 13    Spells: 22/22 levels left

rFire    + . .     SeeInvis .   a - +9 battleaxe (freeze)
rCold    + . .     Gourm    .   (shield currently unavailable)
rNeg     + . .     Faith    .   X - +4 gold dragon scales
rPois    +         Spirit   .   H - +2 hat
rElec    +         Reflect  .   L - +2 cloak {MR+}
rCorr    .         Harm     .   O - +2 pair of gloves
MR       ++++.     Clarity  +   l - +2 pair of boots
Stlth    ..........             K - amulet of rage
HPRegen  0.00/turn              b - ring of Phasing {EV+8}
MPRegen  0.13/turn              Y - ring "Nameneon" {AC+6 Str+3 Int+3}

@: non-regenerating
A: damage resistance, heal wounds, antennae 1, claws 1, clarity, low mp 1,
negative energy resistance 1, sense surroundings 3, robust 1, electricity
resistance, strong 1, no regeneration
}: 3/15 runes: decaying, silver, gossamer
a: Heal Wounds, Minor Destruction, Lesser Servant of Makhleb, Major Destruction,
Greater Servant of Makhleb, Renounce Religion, Evoke Berserk Rage


You were on level 5 of the Realm of Zot.
You worshipped Makhleb.
Makhleb was exalted by your worship.
You were hungry.

You visited 8 branches of the dungeon, and saw 45 of its levels.
You visited the Abyss 1 time.
You also visited: Ice Cave, Volcano and Wizlab.

You collected 3618 gold pieces.
You spent 645 gold pieces at shops.

Inventory:

Hand Weapons
 a - a +9 battleaxe of freezing (weapon)
   (You took it off a wight on level 6 of the Dungeon)
 C - a +6 broad axe of flaming
   (You took it off a hell knight in a volcano)
Missiles
 B - 5 throwing nets (quivered)
Armour
 l - a +2 pair of boots (worn)
   (You found it on level 1 of the Dungeon)
 H - a +2 hat (worn)
   (You took it off Gastronok on level 3 of the Lair of Beasts)
 L - a +2 cloak of magic resistance (worn)
   (You bought it in a shop on level 2 of the Vaults)
 O - a +2 pair of gloves (worn)
   (You found it on level 6 of the Dungeon)
 V - the +14 crystal plate armour "Ufoitwy" {rC+ MP-9 SInv}
   (You acquired it on level 3 of the Vaults)

   It protects you from cold.
   It affects your magic capacity (-9).
   It lets you see invisible.
 W - the +2 large shield of a Thousand Ships {rPois MR++ rCorr Int+4 Dex-2}
   (You took it off Louise on level 2 of the Swamp)

   It affects your intelligence (+4).
   It affects your dexterity (-2).
   It protects you from poison.
   It affects your resistance to hostile enchantments.
   It provides partial protection from all sources of acid and corrosion.
 X - +4 gold dragon scales (worn)
   (You found it on level 3 of the Realm of Zot)
Jewellery
 b - the ring of Phasing (left hand) {EV+8}
   (You found it on level 5 of the Dungeon)

   [ring of evasion]

   It affects your evasion (+8).
 f - an uncursed ring of protection from fire
   (You found it on level 5 of the Dungeon)
 i - an uncursed ring of see invisible
   (You took it off an orc on level 8 of the Dungeon)
 v - the ring of Urhylash {rPois rF+ MR+ Int+7}
   (You took it off a vault warden on level 5 of the Vaults)

   [ring of protection from magic]

   It affects your intelligence (+7).
   It protects you from fire.
   It protects you from poison.
   It affects your resistance to hostile enchantments.
 I - an uncursed ring of fire
   (You took it off an ironbrand convoker on level 3 of the Vaults)
 K - an amulet of rage (around neck)
   (You found it on level 3 of the Lair of Beasts)
 Y - the ring "Nameneon" (right hand) {AC+6 Str+3 Int+3}
   (You found it in a wizard's laboratory)

   [ring of protection]

   It affects your AC (+6).
   It affects your strength (+3).
   It affects your intelligence (+3).
Wands
 c - a wand of digging (3)
   (You found it on level 3 of the Lair of Beasts)
 j - a wand of iceblast (31)
   (You found it on level 6 of the Dungeon)
 y - a wand of acid (30)
   (You found it on level 8 of the Dungeon)
 D - a wand of paralysis (21)
   (You found it on level 8 of the Dungeon)
 M - a wand of enslavement (25)
   (You found it in a volcano)
Scrolls
 g - 5 scrolls of fear
 r - a scroll of identify
 t - 18 scrolls of teleportation
 u - 3 scrolls of fog
 F - a scroll of vulnerability
 G - a scroll of holy word
 J - 5 scrolls of immolation
 Q - 7 scrolls of remove curse
 R - 6 scrolls of magic mapping
 Z - 5 scrolls of summoning
Potions
 d - 2 potions of might
 h - 3 potions of haste
 k - a potion of magic
 m - 5 potions of cancellation
 n - 2 potions of resistance
 o - 5 potions of flight
 q - 10 potions of curing
 s - 5 potions of agility
 w - 9 potions of heal wounds
 A - 4 potions of lignification
 E - 3 potions of brilliance
 N - 4 potions of berserk rage
 P - 12 potions of mutation
 S - 5 potions of ambrosia
Miscellaneous
 x - a phial of floods
   (You found it in a volcano)
 T - a lamp of fire
   (You found it on level 6 of the Lair of Beasts)
 U - a sack of spiders
Comestibles
 e - 67 rations


   Skills:
 + Level 20.6 Fighting
 - Level 20.0 Axes
 - Level 23.7 Armour
 - Level 12.2 Dodging
 - Level 10.9 Shields
 - Level 16.0 Invocations
 - Level 11.0 Evocations


You had 22 spell levels left.
You didn't know any spells.
Your spell library was empty.

Dungeon Overview and Level Annotations

Branches:
Dungeon (15/15)            Temple (1/1) D:4            Lair (6/6) D:9
  Swamp (4/4) Lair:2       Spider (4/4) Lair:3        Slime (0/5) Lair:6
 Vaults (5/5) D:13          Crypt (0/3) Vaults:2     Depths (5/5) D:15
    Zot (5/5) Depths:5      IceCv (visited)         Volcano (visited)
 WizLab (visited)
    Orc: D:9-12

Altars:
Ashenzari
Cheibriados
Dithmenos
Elyvilon
Fedhas
Gozag
Hepliaklqana
Kikubaaqudgha
Makhleb
Nemelex Xobeh
Okawaru
Qazlal
Ru
Sif Muna
Trog
Uskayaw
Vehumet
Wu Jian
Xom
Yredelemnul
Zin
The Shining One

Shops:
D:8 *   D:15 }   Vaults:2 [   Vaults:3 :   Depths:1 *   Depths:5 ([:

Portals:
Hell: Depths:5
Pandemonium: Depths:5
Ziggurat: Depths:4

Annotations:
Lair:4 exclusion: 2 oklob plants
Swamp:2 3 runed translucent doors, Pudykhui's ghost, adept MiBe
Spider:4 3 runed translucent doors, Flugslaktarn's ghost, journeyman DDFi
Vaults:1 8 runed translucent doors, wjh11's ghost, veteran MiBe
Depths:1 exclusion: obsidian statue


Innate Abilities, Weirdness & Mutations

You are resistant to damage.
You can heal yourself by infusing magical energy.
You resist negative energy. (rN+)
You passively map a large area around you.
You do not regenerate.
You have a pair of small antennae on your head.
You have sharp fingernails.
You possess an exceptional clarity of mind.
Your magical capacity is low. (-10% MP)
You are robust. (+10% HP)
You are resistant to electric shocks. (rElec)
Your muscles are strong. (Str +2)


Message History

The Orb Guardian hits you but does no damage.
The Orb Guardian completely misses you.
The curse toe calls on the powers of darkness!
The moth of wrath convulses!
Your body is wracked with pain!
* * * LOW HITPOINT WARNING * * *
The Orb Guardian convulses! x3; The Orb Guardian hits you.
The moth of wrath bites you but does no damage.
A tentacled monstrosity comes into view.
Unknown command.
Okay, then.
You feel much better. The Orb Guardian misses you.
The Orb Guardian closely misses you. The Orb Guardian hits you!!
* * * LOW HITPOINT WARNING * * *
The Orb Guardian hits you!
* * * LOW HITPOINT WARNING * * *
The Orb Guardian hits you!!!
* * * LOW HITPOINT WARNING * * *
The curse toe gestures.
The Orb Guardian hits you!
You die...

,,,,,,,,,,.....................⌠.
,,,,,,,,,,.....................†.
,,,,,,,,,,.......................
,,,,,,,,,,,..<###.#####...†......
,,,,,,,,,,,,,,* #.## #..^..<....
,,,,,,,,,,,,,,* #^.# #..........
**********########§########▓▓▓▓##
,,,,,** #....ffX........* **,
,,,,,,** *#...f@X.......#* **,,
,,,,,,,** #....yX.......# **,,,
,,,,,,,,* ##...........## *,,,,
,,,,,,,,* #...^.......# *,,,,
,,,,,,,,* *#...........#* *,,,,
,,,,,,,,* *.............* *,,,,
,,,,,,,,* *#...z.......X,** *,,,,
,,,,,,,,***....^........,,***,,,,
,,,,,,,***,,,***********,,,***,,,


You could see a tentacled monstrosity, a curse toe, 3 Orb Guardians, a moth of
wrath and 3 wandering mushrooms.

Vanquished Creatures
  An orb of fire (Zot:4)
  4 ancient liches
  A juggernaut (Depths:2)
  A Killer Klown (Zot:4)
  2 curse toes
  A mutant beast (WizLab)
  5 golden dragons
  Nikola (Swamp:1)
  Arachne (Spider:3)
  the Enchantress (Depths:1)
  8 tentacled monstrosities
  Rupert (Spider:1)
  3 liches
  4 quicksilver dragons
  4 titans (Vaults:5)
  5 death cobs
  Gastronok (Lair:3)
  Kirke (D:15)
  3 sphinxes
  3 tengu reavers (Vaults:5)
  4 draconian monks
  8 shadow dragons
  13 storm dragons
  5 frost giants
  6 fire giants
  17 vault wardens
  3 draconian scorchers
  A deep elf sorcerer (Vaults:5)
  A draconian knight (Zot:4)
  6 emperor scorpions (Spider:4)
  A balrug (Depths:3)
  Louise (Swamp:2)
  2 deep elf elementalists
  2 draconian stormcallers
  5 ghost moths
  7 ironheart preservers
  A draconian shifter (Zot:3)
  A caustic shrike skeleton (D:15)
  5 entropy weavers
  2 draconian annihilators
  A juggernaut zombie (D:15)
  5 spriggan defenders
  4 war gargoyles
  20 stone giants
  15 very ugly things
  3 green draconians
  4 black draconians
  2 deep elf annihilators (Vaults:3)
  3 purple draconians
  5 red draconians
  A deep elf demonologist (Vaults:5)
  4 yellow draconians
  5 white draconians
  9 ettins
  Snorg (D:10)
  A blizzard demon (Depths:5)
  A crystal guardian (Vaults:2)
  A deep elf death mage (Vaults:5)
  3 fire dragons
  Josephine (D:10)
  7 great orbs of eyes
  11 yaktaur captains
  A deep elf high priest (Vaults:5)
  A rakshasa (Abyss:2)
  34 vault guards
  Harold (D:10)
  20 hydras
  5 ice dragons
  2 catoblepae (Lair:5)
  A ghost crab (Swamp:3)
  5 centaur warriors
  An anaconda (shapeshifter) (Depths:5)
  11 two-headed ogres
  3 shambling mangroves
  3 spriggan air magi
  7 alligators
  6 ogre magi
  A dancing weapon (Vaults:5)
  A vampire mage (Vaults:2)
  3 death knights
  3 tengu warriors
  4 deep troll shamans
  6 spriggan berserkers
  6 deep troll earth magi
  13 spriggans
  An iron golem (WizLab)
  A hell knight (Volcano)
  Nergalle (D:10)
  4 deep elf knights
  18 deep trolls
  A sixfirhy (Depths:3)
  2 iron trolls (Depths:5)
  2 unseen horrors
  4 flayed ghosts
  An unseen horror (shapeshifter) (WizLab)
  A glowing orange brain (Vaults:5)
  A deep troll (shapeshifter) (Vaults:5)
  2 starcursed masses (Abyss:2)
  A tengu zombie (Vaults:5)
  A spriggan druid (Swamp:3)
  3 wizards
  7 swamp dragons
  14 ironbrand convokers
  A gelid demonspawn (Depths:3)
  A lindwurm (shapeshifter) (Depths:2)
  7 deep elf archers
  A lindwurm (Lair:5)
  12 orc knights
  5 harpies (Vaults:4)
  2 phantasmal warriors
  21 wolf spiders
  5 necromancers
  An orb spider (shapeshifter) (Vaults:2)
  26 ugly things
  A tengu skeleton (Vaults:2)
  A sphinx skeleton (Vaults:3)
  14 orb spiders
  2 manticores (Lair:5)
  4 cyclopes
  A shining eye (shapeshifter) (Vaults:2)
  3 orc sorcerers
  A stone giant zombie (Vaults:5)
  11 deep elf magi
  A guardian serpent (shapeshifter) (Vaults:2)
  A stone giant skeleton (Vaults:3)
  3 elephants (Lair:5)
  19 moths of wrath
  A black mamba (shapeshifter) (WizLab)
  A frost giant skeleton (Vaults:3)
  2 rust devils
  A molten gargoyle (Volcano)
  2 eyes of devastation (shapeshifter) (WizLab)
  A torpor snail (Spider:4)
  13 vault sentinels
  2 black mambas
  A gargoyle (Volcano)
  A yaktaur zombie (D:15)
  A smoke demon (Depths:5)
  24 spiny frogs
  2 spiny frogs (shapeshifter)
  5 rime drakes
  A centaur skeleton (D:9)
  3 yaktaurs (shapeshifter)
  17 demonic crawlers
  5 freezing wraiths
  An efreet (Abyss:2)
  17 komodo dragons
  38 yaktaurs
  A hellwing (Depths:3)
  A komodo dragon (shapeshifter) (WizLab)
  2 wind drakes (shapeshifter) (WizLab)
  A guardian mummy (D:15)
  A queen bee (shapeshifter) (WizLab)
  A troll (shapeshifter) (WizLab)
  A polar bear (Lair:5)
  A wolf spider simulacrum (IceCv)
  A merfolk (shapeshifter) (WizLab)
  2 trolls
  A meliai (shapeshifter) (WizLab)
  A polar bear (shapeshifter) (Vaults:4)
  A sphinx simulacrum (Vaults:2)
  A tengu simulacrum (Vaults:2)
  45 slime creatures
  19 hornets
  35 blink frogs
  2 hornets (shapeshifter) (WizLab)
  16 bog bodies
  A stone giant simulacrum (Vaults:2)
  27 jumping spiders
  2 blink frogs (shapeshifter)
  12 tyrant leeches
  An ettin zombie (Vaults:5)
  5 hippogriffs
  A human simulacrum (Vaults:1)
  3 water elementals
  79 redbacks
  3 yaks (shapeshifter) (WizLab)
  3 shadows
  A tarantella (shapeshifter) (Vaults:5)
  A ynoxinul (Abyss:2)
  2 wyverns
  10 wraiths
  39 yaks
  25 tarantellas
  Eustachio (D:6)
  3 hogs (D:15)
  3 basilisks
  A basilisk (shapeshifter) (WizLab)
  A steam dragon (D:11)
  3 hungry ghosts
  An elf zombie (D:15)
  A fire bat (Volcano)
  A human (shapeshifter) (WizLab)
  2 chaos spawn
  2 neqoxecs
  9 swamp worms
  20 vampire mosquitoes
  A death yak simulacrum (IceCv)
  9 insubstantial wisps
  3 wargs
  4 acid dragons
  A soldier ant (D:13)
  9 water moccasins
  4 floating eyes (WizLab)
  A black bear (shapeshifter) (WizLab)
  Duvessa (D:4)
  10 porcupines
  13 orc warriors
  A meliai simulacrum (D:15)
  11 swamp drakes
  A black bear (D:9)
  4 ice beasts
  4 sky beasts
  An alligator simulacrum (IceCv)
  11 large abominations
  2 necrophages
  2 phantoms (D:8)
  An eye of draining (shapeshifter) (WizLab)
  16 ogres
  14 wolves
  5 boggarts (Depths:1)
  A wolf (shapeshifter) (WizLab)
  4 human skeletons
  7 small abominations
  11 centaurs
  9 crocodiles
  2 big kobolds
  22 bullfrogs
  Dowan (D:4)
  5 scorpions
  15 wights
  5 killer bees (D:10)
  3 electric eels
  4 crimson imps
  7 howler monkeys
  2 lava snakes (Volcano)
  3 centaur zombies
  9 orc priests
  A quasit (D:9)
  A bullfrog zombie (D:8)
  6 jellies
  5 hounds
  4 iguanas
  8 orc wizards
  7 worker ants
  A polar bear simulacrum (IceCv)
  2 hound zombies
  A hound skeleton (D:8)
  2 howler monkey skeletons (D:5)
  4 gnolls (D:6)
  5 adders
  3 shadow imps
  A white imp (Abyss:2)
  An ufetubus (Depths:1)
  An ooze (D:7)
  An adder zombie (D:6)
  5 adder skeletons
  A dart slug (D:1)
  4 worms
  5 leopard geckos
  68 orcs
  6 giant cockroaches
  3 goblins
  2 hobgoblins
  6 jackals
  2 quokkas
  A ball python (D:4)
  2 bats (D:1)
  4 frilled lizards
  A jackal skeleton (D:9)
  10 kobolds
  A quokka skeleton (D:7)
  2 rats
  8 fungi
  5 plants
1560 creatures vanquished.

Vanquished Creatures (collateral kills)
  the Lernaean hydra (Swamp:4)
  2 hydras
  A spiny frog (Lair:3)
  A komodo dragon (Swamp:3)
5 creatures vanquished.

Vanquished Creatures (others)
  A tengu reaver (Vaults:5)
  A vault guard (Vaults:5)
  A rakshasa (Vaults:3)
  An ogre mage (Vaults:5)
  A swamp dragon (Swamp:4)
  A phantasmal warrior (Vaults:5)
  An orb spider (Spider:4)
  A tyrant leech (Swamp:2)
  A blink frog (Lair:6)
  An orc warrior (Vaults:5)
  18 fungi
  42 plants
70 creatures vanquished.

Grand Total: 1635 creatures vanquished

Notes
Turn   | Place    | Note
-------+----------+-------------------------------------------
     0 | D:1      | Flugslaktarn the Deep Dwarf Fighter began the quest for the
                  | Orb.
     0 | D:1      | Reached XP level 1. HP: 20/20 MP: 1/1
   219 | D:1      | Reached XP level 2. HP: 27/27 MP: 2/2
   323 | D:2      | Found an ancient bone altar of Kikubaaqudgha.
   382 | D:3      | Reached XP level 3. HP: 21/34 MP: 3/3
   476 | D:3      | Found a shadowy altar of Dithmenos.
   506 | D:3      | Reached XP level 4. HP: 31/42 MP: 4/4
   822 | D:3      | Found a snail-covered altar of Cheibriados.
   956 | D:4      | Reached skill level 4 in Armour
   959 | D:4      | Reached XP level 5. HP: 44/49 MP: 5/5
  1091 | D:4      | Noticed Duvessa
  1091 | D:4      | Noticed Dowan
  1110 | D:4      | Killed Duvessa
  1110 | D:4      | Reached XP level 6. HP: 22/57 MP: 6/6
  1125 | D:4      | Killed Dowan
  1125 | D:4      | Reached skill level 5 in Axes
  1179 | D:4      | Found a staircase to the Ecumenical Temple.
  1187 | Temple   | Entered the Ecumenical Temple
  1348 | D:5      | Entered Level 5 of the Dungeon
  1440 | D:5      | Reached XP level 7. HP: 41/64 MP: 6/6
  1454 | D:5      | Found a burning altar of Makhleb.
  1510 | D:5      | Reached skill level 5 in Armour
  1510 | D:5      | Reached skill level 5 in Shields
  1518 | D:5      | Became a worshipper of Makhleb the Destroyer
  1697 | D:5      | Reached skill level 1 in Invocations
  1778 | D:5      | Found the ring of Phasing {EV+8}
  1993 | D:6      | Reached XP level 8. HP: 63/73 MP: 7/7
  2076 | D:6      | Noticed Eustachio
  2112 | D:6      | Killed Eustachio
  2159 | D:6      | Reached * piety under Makhleb
  2371 | D:6      | Reached skill level 5 in Fighting
  2371 | D:6      | Reached skill level 6 in Armour
  2371 | D:6      | Reached skill level 1 in Dodging
  2651 | D:6      | Found a shimmering altar of Xom.
  2657 | D:6      | Found a white marble altar of Elyvilon.
  3181 | D:7      | Found an opulent altar of Gozag.
  3186 | D:7      | Gained mutation: You passively map the area around you.
                  | [Deep Dwarf growth]
  3186 | D:7      | Reached XP level 9. HP: 62/81 MP: 9/9
  3483 | D:7      | Reached skill level 5 in Invocations
  3830 | D:8      | Reached skill level 7 in Armour
  3883 | D:8      | Reached skill level 1 in Evocations
  3884 | D:8      | Noticed a two-headed ogre
  3893 | D:8      | Killed a two-headed ogre
  3893 | D:8      | Reached ** piety under Makhleb
  3904 | D:8      | Reached XP level 10. HP: 70/91 MP: 11/11
  4036 | D:8      | Paralysed by a hornet for 2 turns
  4076 | D:8      | Found Guesaof's General Store.
  4082 | D:8      | Bought a potion of curing for 36 gold pieces
  4082 | D:8      | Bought a potion of curing for 36 gold pieces
  4378 | D:9      | Noticed a two-headed ogre
  4387 | D:9      | Killed a two-headed ogre
  4387 | D:9      | Reached skill level 10 in Axes
  4443 | D:9      | Reached skill level 5 in Dodging
  4462 | D:9      | Reached skill level 8 in Armour
  4464 | D:9      | Reached *** piety under Makhleb
  4497 | D:9      | Found a staircase to the Lair.
  4497 | D:9      | You fall into a shaft and drop 1 floor!
  4497 | D:10     | Entered Level 10 of the Dungeon
  4502 | D:10     | Noticed Harold
  4518 | D:10     | Killed Harold
  4531 | D:10     | Reached skill level 5 in Evocations
  4555 | D:10     | Noticed Snorg
  4559 | D:10     | Noticed Josephine
  4561 | D:10     | Killed Snorg
  4561 | D:10     | Reached XP level 11. HP: 99/99 MP: 11/11
  4576 | D:10     | Noticed Nergalle
  4577 | D:10     | Killed Josephine
  4590 | D:10     | Killed Nergalle
  4659 | D:10     | Reached **** piety under Makhleb
  4729 | D:9      | Noticed a white ugly thing
  4735 | D:9      | Killed a white ugly thing
  4957 | Lair:1   | Entered Level 1 of the Lair of Beasts
  5054 | Lair:1   | Noticed a four-headed hydra
  5067 | Lair:1   | Killed an eight-headed hydra
  5074 | Lair:1   | Reached skill level 9 in Armour
  5834 | Lair:2   | Noticed a seven-headed hydra
  5839 | Lair:2   | Reached XP level 12. HP: 86/110 MP: 10/10
  5841 | Lair:2   | Killed an eight-headed hydra
  6121 | Lair:2   | Found a staircase to the Swamp.
  6530 | Lair:3   | Noticed Gastronok
  6545 | Lair:3   | Killed Gastronok
  6812 | Lair:3   | Reached ***** piety under Makhleb
  6992 | Lair:3   | Reached skill level 10 in Armour
  7142 | Lair:3   | Reached skill level 10 in Invocations
  7286 | Lair:3   | Noticed a six-headed hydra
  7297 | Lair:3   | Killed a six-headed hydra
  7405 | Lair:3   | Found a hole to the Spider Nest.
  7607 | Lair:4   | Found a dark tunnel.
  7645 | Volcano  | Entered a volcano
  7784 | Volcano  | Found a radiant altar of Vehumet.
  7784 | Volcano  | Noticed a centaur warrior
  7788 | Volcano  | Killed a centaur warrior
  7791 | Volcano  | Reached XP level 13. HP: 118/118 MP: 9/9
  8995 | Lair:5   | Reached skill level 10 in Evocations
  9006 | Lair:5   | Reached skill level 11 in Armour
  9442 | Lair:5   | Identified a scroll of acquirement
  9499 | Lair:6   | Entered Level 6 of the Lair of Beasts
  9535 | Lair:6   | Reached ****** piety under Makhleb
  9568 | Lair:6   | Gained mutation: You resist negative energy. (rN+) [Deep
                  | Dwarf growth]
  9568 | Lair:6   | Reached XP level 14. HP: 57/129 MP: 9/9
  9838 | Lair:6   | Found a staircase to the Slime Pits.
 10371 | Lair:4   | Got a dazzling shield
 10486 | Swamp:1  | Entered Level 1 of the Swamp
 10486 | Swamp:1  | Noticed a red very ugly thing
 10502 | Swamp:1  | Killed a red very ugly thing
 10502 | Swamp:1  | Reached skill level 15 in Axes
 10537 | Swamp:1  | Noticed Nikola
 10558 | Swamp:1  | Killed Nikola
 10558 | Swamp:1  | Reached skill level 10 in Dodging
 11351 | Swamp:2  | Found a runed translucent gate.
 11351 | Swamp:2  | Found a runed translucent gate.
 11351 | Swamp:2  | Found a runed translucent gate.
 11352 | Swamp:2  | Noticed a thorn hunter
 11354 | Swamp:2  | Noticed a thorn hunter
 11354 | Swamp:2  | Noticed Pudykhui's ghost (adept MiBe)
 11469 | Swamp:2  | Reached skill level 10 in Fighting
 11527 | Swamp:2  | Identified the +2 large shield of a Thousand Ships {rPois
                  | MR++ rCorr Int+4 Dex-2}
 11527 | Swamp:2  | Noticed Louise
 11543 | Swamp:2  | Cast into level 2 of the Abyss (Louise)
 11576 | Abyss:2  | Noticed a starcursed mass
 11716 | Abyss:2  | Reached skill level 12 in Armour
 11730 | Abyss:2  | Paralysed by a great orb of eyes for 3 turns
 11758 | Abyss:3  | Noticed an ancient lich
 11776 | Abyss:3  | Killed an ancient lich
 11776 | Abyss:3  | Reached XP level 15. HP: 138/138 MP: 11/11
 11804 | Swamp:2  | Escaped the Abyss
 11823 | Swamp:2  | Killed Louise
 12655 | Swamp:3  | Noticed a tentacled monstrosity
 12674 | Swamp:3  | Killed a tentacled monstrosity
 13004 | Swamp:4  | Entered Level 4 of the Swamp
 13017 | Swamp:4  | Paralysed by a hornet for 2 turns
 13197 | Swamp:4  | Reached skill level 13 in Armour
 13257 | Swamp:4  | Noticed the 27-headed Lernaean hydra
 13270 | Swamp:4  | Killed the 25-headed Lernaean hydra
 13270 | Swamp:4  | Reached XP level 16. HP: 24/150 MP: 12/12
 13302 | Swamp:4  | Got a decaying rune of Zot
 13508 | Spider:1 | Entered Level 1 of the Spider Nest
 13552 | Spider:1 | Noticed Rupert
 13571 | Spider:1 | Killed Rupert
 14278 | Spider:3 | Got a brightly glowing crystal plate armour
 14284 | Spider:3 | Identified the cursed +0 crystal plate armour of Hedging
                  | {*Slow Int-5 Slay+5 SInv} (You found it on level 3 of the
                  | Spider Nest)
 14517 | Spider:3 | Noticed Arachne
 14542 | Spider:3 | Killed Arachne
 14558 | Spider:4 | Entered Level 4 of the Spider Nest
 14906 | Spider:4 | Reached skill level 15 in Invocations
 15049 | Spider:4 | Found a runed translucent gate.
 15049 | Spider:4 | Found a runed translucent gate.
 15049 | Spider:4 | Found a runed translucent gate.
 15052 | Spider:4 | Noticed Flugslaktarn's ghost (journeyman DDFi)
 15167 | Spider:4 | Reached skill level 14 in Armour
 15167 | Spider:4 | Reached XP level 17. HP: 159/159 MP: 12/12
 15786 | Spider:4 | Got a gossamer rune of Zot
 16188 | D:11     | Found a frozen archway.
 16200 | IceCv    | Entered an ice cave
 16889 | D:12     | Got an ancient marble ring
 16906 | D:13     | Identified the ring "Qekh" {rElec rC+ rN+ EV+2 Dex-5} (You
                  | found it on level 12 of the Dungeon)
 17498 | D:13     | Found a gate to the Vaults.
 17544 | Vaults:1 | Entered Level 1 of the Vaults
 17733 | Vaults:1 | Found a magical portal.
 17908 | WizLab   | Noticed Cigotuvi's Monster
 17921 | WizLab   | Killed Cigotuvi's Monster
 18170 | WizLab   | Paralysed by a floating eye for 2 turns
 18187 | WizLab   | Paralysed by a floating eye for 3 turns
 18228 | WizLab   | Identified the ring "Nameneon" {AC+6 Str+3 Int+3} (You
                  | found it in a wizard's laboratory)
 18627 | Vaults:1 | Gained mutation: You are partially covered in iridescent
                  | scales. (AC +2) [potion of mutation]
 18627 | Vaults:1 | Gained mutation: You have a pair of small horns on your
                  | head. [potion of mutation]
 18627 | Vaults:1 | Gained mutation: You have a pair of horns on your head.
                  | [potion of mutation]
 18628 | Vaults:1 | Lost mutation: You have a pair of horns on your head.
                  | [potion of mutation]
 18628 | Vaults:1 | Lost mutation: You are partially covered in iridescent
                  | scales. (AC +2) [potion of mutation]
 18628 | Vaults:1 | Gained mutation: You are resistant to electric shocks.
                  | (rElec) [potion of mutation]
 18628 | Vaults:1 | Gained mutation: You have sharp fingernails. [potion of
                  | mutation]
 18628 | Vaults:1 | Gained mutation: You possess an exceptional clarity of
                  | mind. [potion of mutation]
 18706 | Vaults:1 | Gained mutation: You passively map a large area around you.
                  | [Deep Dwarf growth]
 18706 | Vaults:1 | Reached XP level 18. HP: 170/170 MP: 14/14
 18738 | Vaults:1 | Reached skill level 15 in Armour
 18942 | Vaults:1 | Found a large runed translucent door.
 18942 | Vaults:1 | Found a large runed translucent door.
 18942 | Vaults:1 | Found a large runed translucent door.
 18942 | Vaults:1 | Found a large runed translucent door.
 18942 | Vaults:1 | Noticed wjh11's ghost (veteran MiBe)
 18943 | Vaults:1 | Found a large runed translucent door.
 18943 | Vaults:1 | Found a large runed translucent door.
 18943 | Vaults:1 | Found a large runed translucent door.
 18943 | Vaults:1 | Found a large runed translucent door.
 19521 | Vaults:2 | Got a dazzling plate armour
 19532 | Vaults:2 | Identified the +4 plate armour "Riraunte" {*Drain Str+3
                  | Int+4} (You found it on level 2 of the Vaults)
 19541 | Vaults:2 | Found a staircase to the Crypt.
 19992 | Vaults:2 | Gained mutation: Your body sometimes deteriorates upon
                  | taking damage. [a shining eye]
 19994 | Vaults:2 | Gained mutation: You are clumsy. (Dex -2) [a shining eye]
 19998 | Vaults:2 | Gained mutation: You are occasionally teleported next to
                  | monsters. [a shining eye]
 20015 | Vaults:2 | Reached skill level 16 in Armour
 20016 | Vaults:2 | Lost mutation: You have a pair of small horns on your head.
                  | [potion of mutation]
 20016 | Vaults:2 | Lost mutation: You are clumsy. (Dex -2) [potion of
                  | mutation]
 20016 | Vaults:2 | Gained mutation: You have a pair of small antennae on your
                  | head. [potion of mutation]
 20016 | Vaults:2 | Gained mutation: You are robust. (+10% HP) [potion of
                  | mutation]
 20017 | Vaults:2 | Lost mutation: You are robust. (+10% HP) [potion of
                  | mutation]
 20017 | Vaults:2 | Lost mutation: Your body sometimes deteriorates upon taking
                  | damage. [potion of mutation]
 20017 | Vaults:2 | Lost mutation: You are occasionally teleported next to
                  | monsters. [potion of mutation]
 20017 | Vaults:2 | Gained mutation: You are robust. (+10% HP) [potion of
                  | mutation]
 20017 | Vaults:2 | Gained mutation: Your muscles are strong. (Str +2) [potion
                  | of mutation]
 20104 | Vaults:2 | Found Fyughubisu's Antique Armour Shoppe.
 20116 | Vaults:2 | Bought a runed scarf for 296 gold pieces
 20127 | Vaults:2 | Bought a runed cloak for 277 gold pieces
 20259 | Vaults:3 | Identified the cursed +2 great mace "Mat Nekh" {speed,
                  | rPois rN+ Int+3}
 20282 | Vaults:3 | Reached skill level 10 in Shields
 20373 | Vaults:3 | Found Caanet's Book Shop.
 20398 | Vaults:3 | Reached XP level 19. HP: 199/199 MP: 15/15
 20608 | Vaults:3 | Got a distressingly furry crystal plate armour
 20619 | Vaults:3 | Identified the +14 crystal plate armour "Ufoitwy" {rC+ MP-9
                  | SInv} (You acquired it on level 3 of the Vaults)
 21242 | Vaults:4 | Reached skill level 17 in Armour
 21257 | Vaults:5 | Entered Level 5 of the Vaults
 21257 | Vaults:5 | Noticed an ancient lich
 21290 | Vaults:5 | Killed an ancient lich
 21293 | Vaults:5 | Noticed an ancient lich
 21296 | Vaults:5 | Reached skill level 18 in Armour
 21316 | Vaults:5 | Killed an ancient lich
 21316 | Vaults:5 | Reached skill level 15 in Fighting
 21316 | Vaults:5 | Reached XP level 20. HP: 213/213 MP: 7/16
 21331 | Vaults:5 | Noticed an ancient lich
 21341 | Vaults:5 | Reached skill level 19 in Armour
 21362 | Vaults:5 | Killed an ancient lich
 21409 | Vaults:5 | Identified the ring of Urhylash {rPois rF+ MR+ Int+7}
 21443 | Vaults:5 | Reached skill level 20 in Armour
 21769 | Vaults:5 | Got a silver rune of Zot
 22147 | Vaults:5 | Identified the +3 battleaxe "Okhoell" {flame, *Corrode rF+
                  | Int+6}
 22277 | Vaults:5 | Reached XP level 21. HP: 216/225 MP: 7/16
 22365 | Vaults:5 | Noticed a golden dragon
 22380 | Vaults:5 | Killed a golden dragon
 22417 | Vaults:5 | Reached skill level 21 in Armour
 22868 | D:15     | Entered Level 15 of the Dungeon
 22868 | D:15     | Found a shimmering altar of Xom.
 22884 | D:15     | Noticed Kirke
 22910 | D:15     | Killed Kirke
 23041 | D:15     | Found Huggamm's Gadget Boutique.
 23072 | D:15     | Found a staircase to the Depths.
 23119 | Depths:1 | Entered Level 1 of the Depths
 23133 | Depths:1 | Noticed the Enchantress
 23158 | Depths:1 | Killed the Enchantress
 23325 | Depths:1 | Found Gairghuqa's Changing Room.
 23396 | Depths:2 | Reached skill level 22 in Armour
 23403 | Depths:2 | Noticed a juggernaut
 23425 | Depths:2 | Killed a juggernaut
 23852 | Depths:4 | You fall into a shaft and drop 1 floor!
 23852 | Depths:5 | Entered Level 5 of the Depths
 23875 | Depths:5 | Reached XP level 22. HP: 148/239 MP: 8/17
 23998 | Depths:4 | Found a gateway to a ziggurat.
 24040 | Depths:3 | Reached skill level 23 in Armour
 24239 | Depths:5 | Found Kaump's Weapon Shoppe.
 24243 | Depths:5 | Found Jear's Book Shoppe.
 24245 | Depths:5 | Found Temeegig's Armour Emporium.
 24381 | Depths:5 | Found a gateway to Hell.
 24434 | Depths:5 | Found a one-way gate leading to the halls of Pandemonium.
 24714 | Depths:5 | Found a gate to the Realm of Zot.
 24733 | Zot:1    | Entered Level 1 of the Realm of Zot
 25111 | Zot:3    | Noticed a golden dragon
 25118 | Zot:3    | Killed a golden dragon
 25303 | Zot:3    | Noticed a golden dragon
 25313 | Zot:3    | Killed a golden dragon
 25446 | Zot:3    | Noticed a curse toe
 25460 | Zot:3    | Killed a curse toe
 25460 | Zot:3    | Reached XP level 23. HP: 60/255 MP: 18/18
 25546 | Zot:4    | Noticed an orb of fire
 25557 | Zot:4    | Gained mutation: Your magical capacity is low. (-10% MP)
                  | [an orb of fire]
 25573 | Zot:4    | Killed an orb of fire
 25653 | Zot:4    | Noticed a Killer Klown
 25663 | Zot:4    | Killed a Killer Klown
 26104 | Zot:5    | Entered Level 5 of the Realm of Zot
 26177 | Zot:5    | Noticed a curse toe
 26197 | Zot:5    | Killed a curse toe
 26215 | Zot:5    | Noticed a curse toe
 26216 | Zot:5    | HP: 2/260 [Orb Guardian (44)]
 26216 | Zot:5    | Mangled by an Orb Guardian

Levels and vault maps discovered:
D:1:      doesnt_arrival_eight_statues, layout_loops_cross
D:2:      layout_loops_cross, kiku_gazebo_garden_becter,
          chequers_ecumenical_altar_island, grunt_ministairs_15, uniq_jessica
D:3:      layout_loops_cross, old_standard_altar, lemuel_coloured_pillars_altar
D:4:      layout_rooms, minmay_temple_entry_fiery, uniq_duvessa
D:5:      layout_basic, bloody_makhleb, first_ration
D:6:      layout_loops_corners, amethyst_overflow_temple_binary, uniq_eustachio
D:7:      layout_rooms, kennysheep_little_box
D:8:      hangedman_cross_stitches, layout_basic, serial_shops, shop
D:9:      layout_rooms, lair_entry_dummy
D:10:     layout_layer_cave, david_orc_5, uniq_snorg, uniq_nergalle,
          uniq_josephine, uniq_harold
D:11:     layout_cave_pools, portal_ice_cave_rime
D:12:     layout_roguey, ice2_lemuel
D:13:     layout_loops_cross, grunt_vaults_entry_fortified, the_bakery
D:14:     layout_basic, nicolae_lava_and_water, corner_web_ring, minmay_puff
D:15:     gammafunk_depths_entry_grave, layout_cross, serial_shops, shop,
          basic_altar, hex_medium, minmay_fractal_squares_gapless_5, uniq_kirke
Temple:   nicolae_temple_no_exploring_needed
Lair:1:   layout_chaotic_city, grunt_megastairs_4, infiniplex_staircase_pool_2
Lair:2:   layout_regular_city, minmay_swamp_entry_worms, lemuel_fruit_tree,
          grunt_megastairs_3, serial_bayou_shore_b
Lair:3:   layout_regular_city, nicolae_spider_entry_tight_spaces, uniq_gastronok
Lair:4:   layout_gridlike, enter_volcano_2, minmay_lair_oklob_chamber
Lair:5:   nzn_motion_control, layout_misc_corridors, beast_lair_carwin_2,
          serial_bayou_shore_a, lemuel_fruit_fields
Lair:6:   minmay_lair_end_frog_pond, layout_concentric_octagons,
          minmay_slime_entry_pillars
Swamp:1:  layout_basic_swamp, nicolae_swamp_very_dense_foliage, uniq_nikola
Swamp:2:  layout_falls_marsh, gammafunk_ghost_split,
          evilmike_swamp_ruin_rubble_1, uniq_louise
Swamp:3:  layout_basic_swamp, hangedman_swamp_ruin_wall, swamp_pool1
Swamp:4:  grunt_swamp_rune_castle, layout_basic_swamp
Spider:1: layout_spider_delve, uniq_rupert
Spider:2: layout_spider_delve
Spider:3: layout_chambers, uniq_arachne
Spider:4: grunt_spider_rune_circles, gammafunk_ghost_tricky_traps
Vaults:1: advil_vaults_ghost_lines, nicolae_vaults_angled_halls,
          vaults_mumra_minichess_inversion, hangedman_vaults_snaps,
          nicolae_vaults_border_crossing, nicolae_vaults_three_branches,
          vaults_dpeg_ring, layout_vaults_omnigrid, mu_enter_wizlab_7
Vaults:2: vaults_room_stairs_pillars, minmay_crypt_entry_simple_statues,
          nicolae_vaults_hallways_thing, hangedman_vaults_slice,
          v_alt_pattern_2, vaults_dpeg_doors, hangedman_vaults_nails,
          nicolae_vaults_asterisk, nicolae_vaults_octagons,
          ontoclasm_vaults_decontamination, vaults_room_stairs_pillars,
          vaults_dpeg_encased_lava, layout_vaults_omnibox, serial_shops,
          nicolae_shop_waterfront
Vaults:3: v_pattern_5, hangedman_vaults_impose, v_misc_14, v_misc_29,
          vaults_room_door_hall, vaults_mumra_hex, vaults_room_door_ring,
          nicolae_vaults_bisected_slash, vaults_mumra_lcd,
          layout_vaults_big_room, serial_shops, nicolae_shop_behind_doors
Vaults:4: ontoclasm_vaults_bender, v_alt_pattern_1, nicolae_vaults_shelves_hall,
          grunt_vaults_hallway_short, nicolae_vaults_alarming,
          ontoclasm_vaults_tryst, ontoclasm_vaults_misaligned, v_misc_26,
          vaults_room_corners, hangedman_vaults_stretched_pinwheel,
          nicolae_vaults_little_squares_6, hangedman_vaults_maws,
          vaults_room_corners, nicolae_vaults_angled_halls, v_misc_3,
          vaults_room_pools, layout_vaults_ring
Vaults:5: serial_shops
Depths:1: layout_cave_pools, abyss_entry_flame_altar, hell_entry,
          serial_column_ruins, column_ruins_hut_pillars, column_ruins_open_tiny,
          column_ruins_columns_straight, column_ruins_open_tiny,
          column_ruins_columns_straight, column_ruins_open_medium, minivault_14,
          nicolae_transmutations_shop,
          hangedman_abyss_or_decor_jellyfish_corner, minivault_11,
          minmay_misc_feat_square, hangedman_devilish_allure, uniq_enchantress
Depths:2: nicolae_legendary_halls, layout_basic, lightli_too_deep, abyss_entry,
          kennysheep_generic_room_11
Depths:3: minmay_the_grid_square_5x5_4x4 [minmay_the_grid_square_5x5_shrine2,
          minmay_the_grid_square_5x5_hollow_slash,
          minmay_the_grid_square_5x5_two, minmay_the_grid_square_5x5_forky,
          minmay_the_grid_square_5x5_eight,
          minmay_the_grid_square_5x5_prize_deathbox,
          minmay_the_grid_square_5x5_prize_pseudospiral,
          minmay_the_grid_square_5x5_bridge, minmay_the_grid_square_5x5_minibox,
          minmay_the_grid_square_5x5_prize_rear_guard,
          minmay_the_grid_square_5x5_prize_junk,
          minmay_the_grid_square_5x5_pentomino_r,
          minmay_the_grid_square_5x5_fat_x, minmay_the_grid_square_5x5_inner_i,
          minmay_the_grid_square_5x5_moneybag,
          minmay_the_grid_square_5x5_longway], layout_gridlike, serial_shops,
          shop, grunt_hell_entry_dis_mu, rand_demon_pan_entry_3, special_room
          [special_room_morgue], water_boxes_lemuel, infiniplex_staircase_star
Depths:4: kennysheep_water_balloons, layout_gridville, enter_ziggurat_d,
          nicolae_trove_entry_crossroad, hell_entry, abyss_entry,
          grunt_decor_one_mirror, infiniplex_staircase_zigzag_2, uniq_jory
Depths:5: evilmike_zot_entry_basic, layout_small_grid, minmay_misc_feat_hallway,
          rand_demon_pan_entry_7, hell_entry, minmay_shop_star,
          serial_bayou_shore_b
Zot:1:    layout_misc_corridors
Zot:2:    layout_gridville, st_small_dragon_hoard_2
Zot:3:    kennysheep_six_static_rooms, layout_twisted_circle
Zot:4:    layout_gridlike
Zot:5:    layout_onion

Skill      XL: |  1  2  3  4  5  6  7  8  9 10 11 12 13 14 15 16 17 18 19 20 21 22 23 |
---------------+----------------------------------------------------------------------+-----
Fighting       | 3 4 5 6 7 8 9 10 11 12 13 15 16 17 19 20 | 20.6
Axes           | 3 4 5 6 8 9 11 12 13 14 15 17 18 19 20 | 20.0
Shields        | 4 5 7 10 | 10.9
Armour         | 4 5 6 7 8 9 10 11 12 13 14 16 18 20 22 23 | 23.7
Invocations    | 2 4 6 7 9 10 11 12 13 15 16 | 16.0
Dodging        | 2 4 5 7 8 9 10 11 12 | 12.2
Evocations     | 2 5 7 8 10 11 | 11.0

Action                   |  1- 3 |  4- 6 |  7- 9 | 10-12 | 13-15 | 16-18 | 19-21 | 22-24 || total
-------------------------+-------+-------+-------+-------+-------+-------+-------+-------++-------
Melee: War axe           |    93 |   142 |   127 |       |       |       |       |       ||   362
       Battleaxe         |       |       |   248 |   492 |  1060 |  1350 |  1035 |   702 ||  4887
       Headbutt          |       |       |       |       |       |   103 |       |       ||   103
Invok: Lesser Servant of |       |       |       |     2 |     5 |     1 |       |       ||     8
       Greater Servant o |       |       |       |       |     1 |       |       |       ||     1
 Abil: Heal Wounds       |     4 |     3 |    11 |    13 |    13 |     6 |     2 |     8 ||    60
       Evoke Berserk Rag |       |       |       |       |       |     2 |       |       ||     2
Evoke: Wand              |       |       |     5 |    10 |     3 |     1 |       |     1 ||    20
       Phial of floods   |       |       |       |       |     1 |       |       |       ||     1
  Use: Scroll            |       |     7 |     8 |    11 |    11 |     7 |    12 |    14 ||    70
       Potion            |       |       |       |     2 |     5 |     7 |       |     1 ||    15
 Stab: Paralysed         |       |       |       |     3 |       |     4 |       |       ||     7
       Petrified         |       |       |       |       |     1 |       |       |       ||     1
       Confused          |       |       |       |       |     1 |       |       |     1 ||     2
  Eat: Chunk             |       |     2 |    14 |    13 |    14 |    14 |    13 |     8 ||    78
       Ration            |       |       |     2 |       |     2 |     4 |       |       ||     8
Armor: Scale mail        |    42 |    61 |   113 |       |       |       |       |       ||   216
       Chain mail        |       |       |   149 |   213 |   574 |     1 |       |       ||   937
       Plate armour      |       |       |       |    64 |     2 |   283 |    24 |       ||   373
       Skin              |       |       |       |       |   133 |       |       |       ||   133
       Swamp dragon scal |       |       |       |       |    49 |   265 |       |       ||   314
       Crystal plate arm |       |       |       |       |       |       |   773 |   344 ||  1117
       Gold dragon scale |       |       |       |       |       |       |       |   259 ||   259
Dodge: Dodged            |    24 |    46 |   198 |   423 |  1485 |  1550 |   986 |   811 ||  5523
Block: Shield            |    58 |    72 |    64 |       |       |       |       |       ||   194
